AoeStats
← Bosco De Gama

Arabia

507702756Analyzed
1v1 RM · 11d ago on Sep 19, 2026· 35m 40s· 2 players
Game mode
Random Map
Map size
Tiny (2 player)
Population
200
Speed
Normal
Resources
Standard
Victory
Conquest
Starting age
Dark Age
Ending age
Imperial Age
RankedLock teamsTeams togetherTeam positionsShared explorationLock speedFull tech treeHidden civsTurbo modeCheats
Victory
Defeat
🇦🇷 Mongols · Argentina
1198
+16
🇪🇸 Berbers · Spain
1195
-16
Bosco De Gama
2:53 Loom
10:16 Feudal Age
12:38 Double-Bit Axe
17:09 Horse Collar
23:41 Castle Age
22:15 Scale Barding Armor
22:19 Gold Mining
23:03 Bloodlines
23:47 Forging
24:42 Husbandry
25:34 Heavy Plow
27:34 Fletching
28:50 Wheelbarrow
30:10 Bodkin Arrow
35:53 Thumb Ring
EGIRR
8:48 Feudal Age
7:28 Loom
10:14 Town Watch
10:52 Double-Bit Axe
23:47 Castle Age
21:40 Gold Mining
22:05 Horse Collar
22:19 Fletching
22:30 Padded Archer Armor
24:48 Leather Archer Armor
24:31 Bodkin Arrow
24:52 Leather Archer Armor
24:51 Husbandry
25:15 Bow Saw
25:41 Gold Shaft Mining
28:08 Heavy Plow
29:30 Ballistics
31:24 Wheelbarrow
30:49 Town Patrol
31:00 Thumb Ring
Connection lost

Rejoining the realm…

Still unreachable

The connection could not be restored.

Session expired

The server has moved on; the page needs a fresh start.